 Dungeon Crawl Stone Soup version 0.27.0-1-g7a089689b8 (webtiles) character file.

Game seed: 1914634851944923805

84 kobby the Bolt Thrower (level 4, -1/25 HPs)
             Began as a Kobold Arcane Marksman on Aug 13, 2021.
             Slain by an adder (3 damage)
             ... on level 2 of the Dungeon.
             The game lasted 00:04:03 (1637 turns).

kobby the Bolt Thrower (Kobold Arcane Marksman)     Turns: 1637, Time: 00:04:03

Health: -1/25      AC:  3    Str:  7    XL:     4   Next: 72%
Magic:  5/5        EV: 15    Int: 14    God:
Gold:   123        SH:  0    Dex: 16    Spells: 2/5 levels left

rFire    + . .     SeeInvis .   a - +0 hand crossbow
rCold    + . .     Faith    .   (shield restricted)
rNeg     . . .     Spirit   .   d - +0 robe
rPois    +         Reflect  .   (no helmet)
rElec    +         Harm     .   e - +0 cloak
rCorr    +         Rampage  .   (no gloves)
Will     .....                  (no boots)
Stlth    ++........             (no amulet)
HPRegen  0.08/turn              (no ring)
MPRegen  0.09/turn              (no ring)

@: lethally poisoned (-1 -> -9), resistant, attractive
A: small, no large weapons, nightstalker 3
a: no special abilities


You were on level 2 of the Dungeon.
You visited 1 branch of the dungeon, and saw 2 of its levels.

You collected 123 gold pieces.

Inventory:

Hand Weapons
 a - a +0 hand crossbow (weapon)
Missiles
 c - 7 bolts (quivered ammo)
Armour
 d - a +0 robe (worn)
 e - a +0 cloak (worn)
Jewellery
 f - a ring of wizardry
Potions
 g - a potion of attraction


   Skills:
 + Level 1.5 Fighting
 + Level 4.3 Crossbows
 + Level 2.7 Dodging
 + Level 0.1 Stealth
 + Level 1.2 Spellcasting
 + Level 3.7 Hexes


You had 2 spell levels left.
You knew the following spells:

 Your Spells              Type           Power      Damage    Failure   Level
a - Corona                Hex            12%        N/A       5%          1
b - Slow                  Hex            11%        N/A       9%          2

Your spell library contained the following spells:

 Spells                   Type           Power      Damage    Failure   Level
 Inner Flame              Hex/Fire       6%         N/A       36%         3
 Portal Projectile        Hex/Tloc       12%        N/A       36%         3
 Cause Fear               Hex            5%         N/A       50%         4


Dungeon Overview and Level Annotations

Branches:
Dungeon (2/15)

Altars:

Shops:
D:1 (


Innate Abilities, Weirdness & Mutations

You are small and have problems with some larger weapons.
You are completely attuned to the shadows.


Message History

The rat completely misses you.
You shoot a bolt. The bolt hits the rat.
You kill the rat!
c - 8 bolts (gained 1)
c - 9 bolts (gained 1)
c - 11 bolts (gained 2)
Found a stone staircase leading up.
An adder comes into view.
You shoot a bolt. The bolt hits the adder.
The adder is heavily wounded.
The adder misses you.
You shoot a bolt. The bolt closely misses the adder.
The adder bites you.
You shoot a bolt. The bolt completely misses the adder.
The adder bites you.
You are poisoned.
The adder poisons you! The adder bites you.
You are more poisoned.
The adder poisons you!
You shoot a bolt. The bolt closely misses the adder.
You feel very sick. The adder bites you.
You are lethally poisoned!
The adder poisons you! The adder misses you.
You are too injured to fight recklessly!
It was a potion of attraction.
You feel attractive to monsters.
* * * LOW HITPOINT WARNING * * *
You feel very sick. The adder completely misses you.
It was a potion of resistance.
You feel protected.
* * * LOW HITPOINT WARNING * * *
You feel very sick. The adder bites you but does no damage.
You are too injured to fight recklessly!
As you read the scroll labelled SUB DU MITHAY, it crumbles to dust.
It is a scroll of identify.
You don't have any unidentified items.
* * * LOW HITPOINT WARNING * * *
You feel sick. The adder bites you but does no damage. The adder bites you.
You die...

#....#
#..#.##.
####.#
....#.##.
#.#
###....##.
#.##..
#..####.
#.##.# .(
.....
#.##.###.#
##...
#.##.#(..
#.##
#.##.#S#
##.##
#....@.#
#.#....
####.....#
#.#..#.
#####.#
#....#. #
##......
......##
####.###
#....
#.### #.#


You could see an adder.

Vanquished Creatures
  A hound (D:2)
  2 adders (D:2)
  A dart slug (D:1)
  3 endoplasms (D:2)
  2 giant cockroaches
  2 goblins (D:2)
  5 hobgoblins
  A jackal (D:2)
  3 kobolds (D:2)
  2 quokkas
  3 ball pythons (D:1)
  3 frilled lizards
  5 rats
33 creatures vanquished.

Notes
Turn   | Place    | Note
-------+----------+-------------------------------------------
     0 | D:1      | kobby the Kobold Arcane Marksman began the quest for the
                  | Orb.
     0 | D:1      | Reached XP level 1. HP: 12/12 MP: 2/2
   156 | D:1      | Found Evio's Weapon Emporium.
   419 | D:1      | Reached XP level 2. HP: 16/16 MP: 3/3
   461 | D:1      | Found a faded altar of an unknown god.
   541 | D:1      | Reached skill level 3 in Crossbows
   996 | D:2      | Reached XP level 3. HP: 20/20 MP: 4/4
  1370 | D:2      | Reached XP level 4. HP: 25/25 MP: 5/5
  1373 | D:2      | Learned a level 2 spell: Slow
  1398 | D:2      | Reached skill level 4 in Crossbows
  1637 | D:2      | Slain by an adder

Illustrated notes

Levels and vault maps discovered:
D:1:      matt_arrival_spirals, layout_basic, serial_glass, glass_columns_b,
          glass_columns_a, dreamdust_ecumenical_altar_grove, serial_shops, shop
D:2:      layout_loops_cross, minmay_split_cup_large

Skill      XL: |  1  2  3  4 |
---------------+-------------+-----
Crossbows      | 3 4 |  4.3
Fighting       | |  1.5
Dodging        | |  2.7
Stealth        | |  0.1
Spellcasting   | |  1.2
Hexes          | |  3.7

Action                   |  1- 3 |  4- 6 || total
-------------------------+-------+-------++-------
 Fire: Hand crossbow     |    61 |    19 ||    80
 Cast: Corona            |       |     1 ||     1
  Use: Scroll            |     2 |     1 ||     3
       Potion            |       |     2 ||     2
Armor: Robe              |     4 |     4 ||     8
Dodge: Dodged            |    14 |    13 ||    27
